 Dungeon Crawl Stone Soup version 0.31-a0-858-g469dc525a8 (webtiles) character file.

Game seed: 9798011191442236901

6828 BinkBink the Thaumaturge (level 10, 0/50 HPs)
             Began as a Deep Elf Fire Elementalist on Oct 9, 2023.
             Was a Follower of Vehumet.
             Slain by Joseph
             ... wielding a +0 quarterstaff
              (10 damage)
             ... on level 9 of the Dungeon.
             The game lasted 00:27:55 (11967 turns).

BinkBink the Thaumaturge (DEFE)                    Turns: 11967, Time: 00:27:56

Health: 0/50       AC:  9    Str:  5    XL:     10   Next: 77%
Magic:  13/27      EV: 12    Int: 25    God:    Vehumet [*.....]
Gold:   449        SH:  0    Dex: 15    Spells: 19/32 levels left

rFire   + . .        (no weapon)
rCold   . . .        (no shield)
rNeg    + . .        k - +2 robe {rF+}
rPois   .            a - +0 hat
rElec   .            x - +0 cloak
rCorr   .            t - +2 pair of gloves
SInv    +            r - +0 pair of boots
Will    +....        (no amulet)
Stlth   ++           j - ring of see invisible
HPRegen 0.28/turn    m - ring of positive energy
MPRegen 0.20/turn

%: no passive effects
@: no status effects
A: no striking features
a: Renounce Religion


You were on level 9 of the Dungeon.
You worshipped Vehumet.
Vehumet was aware of your devotion.
You visited 2 branches of the dungeon, and saw 10 of its levels.
You also visited: Ossuary.

You collected 449 gold pieces.

Inventory:

Hand Weapons
 y - the +4 sling "Nerautab" {antimagic, Str+5}
   (You took it off a centaur on level 7 of the Dungeon)

   Str+5:     It affects your strength (+5).
Armour
 a - a +0 hat (worn)
 k - a +2 robe of fire resistance (worn)
 r - a +0 pair of boots (worn)
 t - a +2 pair of gloves (worn)
 x - a +0 cloak (worn)
Jewellery
 j - a ring of see invisible (left hand)
 m - a ring of positive energy (right hand)
 z - a ring of willpower
Wands
 i - a wand of polymorph (13)
 s - a wand of flame (17)
 C - a wand of mindburst (19)
Scrolls
 c - a scroll of fear {unknown}
 d - 3 scrolls of noise {unknown}
 e - 5 scrolls of teleportation
 f - 3 scrolls of identify
 p - a scroll of revelation {unknown}
 q - a scroll of acquirement {unknown}
 v - a scroll of fog {unknown}
 w - a scroll of summoning {unknown}
 B - a scroll of blinking {unknown}
Potions
 b - a potion of enlightenment {unknown}
 g - 2 potions of lignification {unknown}
 h - a potion of attraction {unknown}
 l - 2 potions of heal wounds {unknown}
 n - 2 potions of might {unknown}
 o - 3 potions of haste {unknown}
 u - 3 potions of degeneration {unknown}
 A - a potion of ambrosia {unknown}


   Skills:
 - Level 2.4 Dodging
 - Level 2.4 Stealth
 + Level 11.8 Spellcasting
 + Level 9.6 Conjurations
 + Level 10.1 Fire Magic
 + Level 6.6 Air Magic


You had 19 spell levels left.
You knew the following spells:

 Your Spells              Type           Power      Damage    Failure   Level
a - Foxfire               Conj/Fire      100%       2x1d9     1%          1
b - Scorch                Fire           100%       2d9       1%          2
c - Plasma Beam           Fire/Air       27%        2x1d39    21%         6
d - Flame Wave            Conj/Fire      59%        2d14      1%          4

Your spell library contained the following spells:

 Spells                   Type           Power      Damage    Failure   Level
 Freeze                   Ice            56%        1d7       4%          1
 Magic Dart               Conj           100%       1d8       1%          1
 Searing Ray              Conj           100%       2d8       1%          2
 Inner Flame              Hex/Fire       40%        N/A       1%          3
 Volatile Blastmotes      Fire/Tloc      80%        2d16      1%          3
 Sticky Flame             Conj/Fire      59%        2d7       1%          4
 Fulminant Prism          Conj/Hex       19%        3d10      5%          4
 Starburst                Conj/Fire      29%        6d9       11%         6
 Ozocubu's Armour         Ice            14%        N/A       12%         3
 Animate Dead             Necr           14%        N/A       38%         4
 Metabolic Englaciation   Hex/Ice        7%         N/A       75%         5
 Simulacrum               Ice/Necr       7%         N/A       99%         6
 Haunt                    Necr/Summ      7%         N/A       100%        7
 Ozocubu's Refrigeration  Ice            7%         4d9       100%        7
 Infestation              Necr           7%         N/A       100%        8
 Polar Vortex             Ice            7%         N/A       100%        9


Dungeon Overview and Level Annotations

Branches:
Dungeon (9/15)             Temple (1/1) D:7         Ossuary (visited)
   Lair: D:8-11         Orc: D:9-12

Altars:
Cheibriados
Dithmenos
Elyvilon
Fedhas
Gozag
Hepliaklqana
Kikubaaqudgha
Makhleb
Nemelex Xobeh
Okawaru
Qazlal
Sif Muna
Uskayaw
Vehumet
Xom
Yredelemnul
Zin

Annotations:
D:3 1 runed translucent door, Crazy Yiuf
D:5 Edmund
D:9 Joseph


Message History

Casting: Foxfire (safe; 1% risk of failure)
Confirm with . or Enter, or press ? or * to list all spells.
Flames lash Joseph.
Joseph is moderately wounded.
Joseph's fire resistance burns away.
The foxfire hits Joseph but does no damage.
Joseph is moderately wounded.
The foxfire hits Joseph but does no damage.
Joseph is moderately wounded.
The foxfire hits Joseph!
Joseph is burned terribly!
Joseph is heavily wounded.
Casting: Scorch (safe; 1% risk of failure)
Confirm with . or Enter, or press ? or * to list all spells.
Flames lash Joseph.
Joseph is burned terribly!
Joseph is severely wounded.
Joseph shoots a sling bullet.
The sling bullet hits you!
Casting: Scorch (safe; 1% risk of failure)
Confirm with . or Enter, or press ? or * to list all spells.
Flames lash Joseph.
Joseph is burned terribly!
Joseph is almost dead.
Joseph shoots a sling bullet.
The sling bullet hits you!
* * * LOW HITPOINT WARNING * * *
Casting: Scorch (safe; 1% risk of failure)
Confirm with . or Enter, or press ? or * to list all spells.
You can't see any susceptible monsters within range! (Use Z to cast anyway.)
Casting: Scorch (safe; 1% risk of failure)
Confirm with . or Enter, or press ? or * to list all spells.
You can't see any susceptible monsters within range! (Use Z to cast anyway.)
Casting: Scorch (safe; 1% risk of failure)
Confirm with . or Enter, or press ? or * to list all spells.
Casting: Flame Wave (dangerous; 1% risk of failure)
Press: ? - help, Dir - look around, f - activate A wave of flame ripples out! (Press . to intensify the flame waves.)
A wave of flame ripples out!
The flame wave engulfs Joseph!
Joseph is burned terribly!
Joseph is almost dead.
Joseph unwields a +0 sling.
Joseph wields a +0 quarterstaff.
Joseph hits you with a +0 quarterstaff!
You die...

#.##.# #........#.# #.##.#
#.#......#.#### #####
#.##.#######.######.#....#......
#.##.........# #............./
#.........<#######..#....#.#####
######..........#...#....# #.
#.########.#.#.#....# ###.
#..............#....#.##.@.
#######.........@#####........g##
#..............@###########.##...
.#####................. #.##.##
##.....###..@######.##.##.##
#.#.#.#.#.....#.#.#.#.#.#.#.
##.#.#.#.#...#.#.#.#.#.#@#.#
#.#.#.#.#.....#.#.#.#.#.#.#.
##.#.#.#.#...#.#.#.#.#.#.#.# #
#.#.#.#.#.#.#.#.#.#.#.#.#.#.


You could see Joseph (combustible).

Vanquished Creatures
  Gastronok (D:7)
  An unseen horror zombie (D:8)
  Psyche (D:8)
  Sigmund (D:6)
  A wyvern (D:8)
  Eustachio (D:4)
  6 yaks (D:8)
  A water moccasin (D:6)
  Duvessa (D:6)
  2 orc warriors
  3 sky beasts
  3 ice beasts
  3 black bears
  2 centaurs (D:7)
  A kobold brigand (D:8)
  3 elf zombies (Ossuary)
  3 bullfrogs
  A gnoll sergeant (D:5)
  A scorpion (D:6)
  A wyvern zombie (D:8)
  8 wights
  Dowan (D:6)
  3 howler monkeys
  8 centaur zombies
  3 jellies
  4 orc priests
  5 hounds
  A gnoll bouda (D:9)
  Jessica (D:3)
  5 iguanas
  5 orc wizards
  2 killer bee zombies (D:8)
  2 hound zombies (Ossuary)
  3 mummies (Ossuary)
  A howler monkey zombie (D:8)
  Robin (D:3)
  11 gnolls
  7 adders
  A shadow imp (D:8)
  An ufetubus (D:4)
  4 worms
  2 dart slugs
  26 orcs
  3 endoplasms
  3 giant cockroaches (D:1)
  18 goblins
  4 hobgoblins
  A quokka (D:4)
  7 ball pythons
  7 bats
  A frilled lizard (D:1)
  4 goblin zombies (Ossuary)
  3 hobgoblin zombies (Ossuary)
  4 jackal zombies (Ossuary)
  11 kobolds
  3 kobold zombies (Ossuary)
  2 orc zombies (Ossuary)
  6 quokka zombies (Ossuary)
  5 rats
  7 rat zombies (Ossuary)
231 creatures vanquished.

Vanquished Creatures (collateral kills)
  A foxfire (D:7)
1 creature vanquished.

Vanquished Creatures (others)
  805 foxfires
805 creatures vanquished.

Grand Total: 1037 creatures vanquished

Notes
Turn   | Place    | Note
-------+----------+-------------------------------------------
     0 | D:1      | BinkBink the Deep Elf Fire Elementalist began the quest for
                  | the Orb.
     0 | D:1      | Reached XP level 1. HP: 10/10 MP: 6/6
    19 | D:1      | You fall into a shaft and drop 1 floor!
    58 | D:2      | Reached XP level 2. HP: 15/15 MP: 1/8
   255 | D:3      | Reached XP level 3. HP: 19/19 MP: 2/10
   355 | D:3      | Noticed Jessica
   359 | D:3      | Killed Jessica
   360 | D:3      | Reached skill level 4 in Spellcasting
   540 | D:3      | Noticed Robin
   547 | D:3      | Killed Robin
   548 | D:3      | Reached XP level 4. HP: 24/24 MP: 0/12
  1087 | D:3      | Found a runed translucent door.
  1088 | D:3      | Noticed Crazy Yiuf
  2738 | D:1      | Learned a level 2 spell: Scorch
  2962 | D:4      | Reached XP level 5. HP: 26/28 MP: 11/14
  3027 | D:4      | Reached skill level 5 in Spellcasting
  3031 | D:4      | Noticed Eustachio
  3302 | D:4      | Found a sand-covered staircase.
  3311 | Ossuary  | Entered an ossuary
  3726 | Ossuary  | Reached skill level 5 in Fire Magic
  3726 | Ossuary  | Reached XP level 6. HP: 32/32 MP: 8/16
  3937 | Ossuary  | Reached skill level 6 in Spellcasting
  4168 | Ossuary  | Reached XP level 7. HP: 36/36 MP: 0/18
  4824 | D:4      | Found a stormy altar of Qazlal.
  4950 | D:4      | Killed Eustachio
  4951 | D:4      | Reached skill level 7 in Spellcasting
  4951 | D:4      | Reached skill level 5 in Conjurations
  5213 | D:5      | Entered Level 5 of the Dungeon
  5605 | D:5      | Reached XP level 8. HP: 41/41 MP: 16/21
  6018 | D:5      | Reached skill level 8 in Spellcasting
  6435 | D:5      | Learned a level 6 spell: Plasma Beam
  6524 | D:6      | Reached skill level 1 in Air Magic
  6614 | D:6      | Noticed Edmund
  7003 | D:6      | Reached skill level 9 in Spellcasting
  7004 | D:6      | Noticed Sigmund
  7009 | D:6      | Killed Sigmund
  7010 | D:6      | Reached XP level 9. HP: 45/45 MP: 9/24
  7046 | D:6      | Noticed Duvessa
  7156 | D:6      | Killed Duvessa
  7157 | D:6      | Noticed Dowan
  7160 | D:6      | Killed Dowan
  7917 | D:6      | Learned a level 4 spell: Flame Wave
  8148 | D:7      | Identified the +4 sling "Nerautab" {antimagic, Str+5}
  8220 | D:7      | Identified the ring "Hara" {Contam Fly MP+9 Str+3}
  8348 | D:7      | Reached skill level 10 in Spellcasting
  8628 | D:7      | Found a staircase to the Ecumenical Temple.
  8635 | Temple   | Entered the Ecumenical Temple
  8668 | Temple   | Became a worshipper of Vehumet
  9435 | D:8      | Reached skill level 5 in Air Magic
  9602 | D:8      | Reached XP level 10. HP: 24/50 MP: 0/26
  9825 | D:8      | Noticed Gastronok
 10003 | D:7      | Killed Gastronok
 10004 | D:7      | Reached skill level 11 in Spellcasting
 10091 | D:8      | Noticed Psyche
 10094 | D:8      | Killed Psyche
 10131 | D:8      | Reached * piety under Vehumet
 10131 | D:8      | Offered knowledge of Freeze by Vehumet.
 10693 | D:8      | HP: 2/50 [yak (13)]
 10959 | D:8      | Reached skill level 10 in Fire Magic
 11667 | D:9      | Noticed Joseph
 11967 | D:9      | Slain by Joseph

Illustrated notes

Levels and vault maps discovered:
D:1:      dpeg_arrival_shelter, layout_loops_corners, columned_hall_lemuel
D:2:      layout_rooms, minmay_misc_feat_pillars
D:3:      layout_basic, hangedman_decor_opposing, uniq_jessica,
          uniq_crazy_yiuf_cottage, uniq_robin
D:4:      layout_gridville, mainiacjoe_overflow_alcove_2, enter_ossuary_1,
          uniq_eustachio
D:5:      layout_loops_ring, lightli_minifort
D:6:      layout_cave_pods, serial_park, serial_park_tiny_pond,
          serial_park_tiny_pond, serial_park_tiny_2, serial_park_avenue1,
          serial_park_tiny_2, chequers_garden, uniq_duvessa, uniq_sigmund,
          uniq_edmund
D:7:      layout_basic, minmay_temple_entry_tees, kb_lookout_dungeons_type
D:8:      layout_basic, serial_undead, serial_undead_d, serial_undead_b,
          serial_undead_a, serial_undead_d, minmay_misc_feat_diagonals,
          uniq_psyche, uniq_gastronok
D:9:      layout_basic, nicolae_overflow_hidden_temple, serial_shops,
          shop_fountains, lightli_fourway_metalbox, uniq_joseph
Temple:   kb_temple_of_zot

Skill      XL: |  1  2  3  4  5  6  7  8  9 10 |
---------------+-------------------------------+-----
Conjurations   | 2 3 4 5 7 8 9 |  9.6
Spellcasting   | 4 5 6 7 9 10 11 | 11.8
Fire Magic     | 4 5 6 7 9 10 | 10.1
Air Magic      | 3 5 6 |  6.6
Dodging        | |  2.4
Stealth        | |  2.4

Action                     |  1- 3 |  4- 6 |  7- 9 | 10-12 || total
---------------------------+-------+-------+-------+-------++-------
  Melee: Unarmed           |     2 |       |       |       ||     2
   Cast: Foxfire           |    41 |   128 |   213 |   100 ||   482
         Scorch            |       |    34 |    97 |    59 ||   190
         Flame Wave        |       |       |     2 |     5 ||     7
    Use: Scroll            |       |       |     3 |       ||     3
         Potion            |       |       |     2 |     2 ||     4
 Armour: Robe              |     2 |    23 |    46 |    41 ||   112
  Dodge: Dodged            |     5 |    26 |    39 |    22 ||    92

Table legend: (Time is in decaauts)
 A = Elapsed time spent in this place.
 B = Non-inter-level travel time spent in this place.
 C = Inter-level travel time spent in this place.
 D = Time resting spent in this place.
 E = Time spent auto-exploring this place.
 F = Levels seen in this place.
 G = Mean time per level.
                   A        B        C        D        E       F      G
               +--------+--------+--------+--------+--------+-----+--------+
         Total |  12003 |  11344 |    659 |    554 |   8865 |  11 | 1091.2 |
       Dungeon |  10732 |  10136 |    596 |    436 |   8081 |   9 | 1192.4 |
        Temple |     66 |      3 |     63 |      0 |      0 |   1 |   66.0 |
       Ossuary |   1203 |   1203 |      0 |    118 |    784 |   1 | 1203.0 |
               +--------+--------+--------+--------+--------+-----+--------+

Top non-repeatable levels by time:
     D:7: 2096 daAuts
     D:8: 1547 daAuts
     D:3: 1523 daAuts
     D:6: 1460 daAuts
     D:5: 1261 daAuts
 Ossuary: 1203 daAuts
     D:4: 972 daAuts
     D:1: 856 daAuts
     D:2: 656 daAuts
     D:9: 357 daAuts
  Temple: 66 daAuts
